 Dungeon Crawl Stone Soup version 0.16-a0-3197-g5046a99 (webtiles) character file.

1047 Chiseanne the Sneak (level 8, -12/52 HPs)
             Began as a Human Enchanter on Dec 18, 2014.
             Was a Follower of Ashenzari.
             Mangled by a wight
             ... wielding a +0 halberd
              (15 damage)
             ... on level 6 of the Dungeon.
             The game lasted 00:22:02 (5958 turns).

Chiseanne the Sneak (Human Enchanter)               Turns: 5958, Time: 00:22:02

Health: -12/52     AC:  7    Str: 10    XL:     8   Next: 50%
Magic:  6/19       EV: 14    Int: 15    God:    Ashenzari [*.....]
Gold:   252        SH:  0    Dex: 15    Spells: 5 memorised, 4 levels left

rFire  + . .     SeeInvis .     a - +2 dagger (venom) (curse)
rCold  + . .     Clarity  .     b - +2 robe (curse)
rNeg   . . .     SustAb   .     (no shield)
rPois  .         Gourm    +     (no helmet)
rElec  .         Spirit   .     g - +2 cloak {MR+} (curse)
rCorr  .         Warding  .     (no gloves)
rMut   .         Stasis   .     (no boots)
MR     +....                    p - amulet of the gourmand (curse)
Stlth  +++.......               y - ring of protection from cold (curse)
                                j - ring of protection from fire (curse)

@: very slightly contaminated, drained, somewhat resistant to hostile
enchantments, fairly stealthy
A: no striking features
a: Renounce Religion


You were on level 6 of the Dungeon.
You worshipped Ashenzari.
Ashenzari was aware of your devotion.
You were very full.

You visited 1 branch of the dungeon, and saw 6 of its levels.

You collected 252 gold pieces.

Inventory:

Hand weapons
 a - a cursed +2 dagger of venom (weapon)
 w - a +0 blowgun
Missiles
 f - 21 sling bullets
 h - 4 tomahawks of returning (quivered)
 o - 58 arrows
 r - 12 poisoned needles
 z - 8 javelins
 B - 17 poisoned sling bullets
 C - 8 needles of sleeping
 D - 15 bolts
Armour
 b - a cursed +2 robe (worn)
 g - a cursed +2 cloak of magic resistance (worn)
Jewellery
 j - a cursed ring of protection from fire (left hand)
 p - a cursed amulet of the gourmand (around neck)
 y - a cursed ring of protection from cold (right hand)
Magical devices
 F - a wand of fire (1)
Scrolls
 e - 2 scrolls of remove curse
 l - a scroll of magic mapping
 m - 2 scrolls of enchant armour
 u - 3 scrolls of curse armour
Potions
 i - 2 potions of haste
 n - a potion of cancellation
 s - 2 potions of flight
 t - 2 potions of restore abilities
 v - a potion of ambrosia
 E - a potion of brilliance
Books
 c - a book of Maledictions

   Spells                             Type                      Level
   a - Corona                         Hexes                        1
   b - Sure Blade                     Hexes/Charms                 2
   c - Ensorcelled Hibernation        Hexes/Ice                    2
   d - Confuse                        Hexes                        3
   e - Dazzling Spray                 Conjuration/Hexes            3
   f - Enslavement                    Hexes                        4
Comestibles
 d - 3 bread rations
 k - 2 beef jerkies
 q - 7 fruits
 x - a meat ration
 G - a chunk of flesh


   Skills:
 - Level 1.0(0.5) Short Blades
 * Level 4.3(3.8) Dodging
 * Level 6.0(5.5) Stealth
 * Level 4.7(4.2) Spellcasting
 * Level 5.9(5.3) Hexes


You had 4 spell levels left.
You knew the following spells:

 Your Spells              Type           Power        Failure   Level  Hunger
a - Corona                Hex            ###....      1%          1    None
b - Ensorcelled Hibernat  Hex/Ice        ##....       12%         2    ##.....
c - Dazzling Spray        Conj/Hex       ##......     21%         3    ###....
d - Enslavement           Hex            ###.....     24%         4    ####...
e - Sure Blade            Hex/Chrm       ##........   12%         2    ##.....


Dungeon Overview and Level Annotations

Branches:
Dungeon (6/15)             Temple (0/1) D:5

Altars:
Ashenzari
Xom

Shops:
D:6 %

Annotations:
D:5 Chiseanne's ghost, average OgMo


Message History

Press: ? - help, Shift-Dir - straight line, f/p - wight
Aim: a wight, wielding a halberd and wearing a robe (moderately damaged)
The spray of energy hits the wight.
The wight is moderately damaged.
The wight hits you from afar with a halberd!
The wight hits you with a mace.
* * * LOW HITPOINT WARNING * * *
Casting: Dazzling Spray
Confirm with . or Enter, or press ? or * to list all spells.
Aiming: Dazzling Spray
Press: ? - help, Shift-Dir - straight line, f/p - wight
Aim: a wight, wielding a halberd and wearing a robe (moderately damaged)
The spray of energy hits the wight.
The wight is severely damaged.
The wight hits you with a mace!
* * * LOW HITPOINT WARNING * * *
You feel drained.
* * * LOW HITPOINT WARNING * * *
The wight hits you from afar with a halberd!
You die...

...#. .# ##..#.##
#. ......... .z
..#..#..## z#
......... >#
.........####.#
=........z).z.#
........z####.#
........@# .#
.....##..# .#
.<.......# .#
.....##..# .#
.#...##..####.#.#
.................
.....##..####.#.#
.#...##..#.####.#
................#


You could see 2 wights.

Vanquished Creatures
  The ghost of Chiseanne the Stinger, an average FeVM of Gozag (D:4)
  An ice beast (D:6)
  2 giant frogs
  A wight (D:6)
  2 hounds
  2 crimson imps (D:5)
  A giant frog skeleton (D:6)
  An iguana (D:5)
  A centaur skeleton (D:6)
  An orc wizard (D:4)
  A quasit (D:5)
  7 worker ants
  A worker ant zombie (D:6)
  10 adders
  A shadow imp (D:6)
  4 giant mites
  A worm (D:3)
  An adder skeleton (D:4)
  An adder zombie (D:5)
  4 giant geckos
  2 oozes
  11 orcs
  A bat zombie (D:6)
  9 giant cockroaches
  12 goblins
  9 hobgoblins
  13 jackals
  7 bats
  5 giant newts
  A jackal skeleton (D:4)
  11 kobolds
  A quokka zombie (D:5)
  8 rats
134 creatures vanquished.

Vanquished Creatures (others)
  An orc wizard (D:3)
1 creature vanquished.

Grand Total: 135 creatures vanquished

Notes
Turn   | Place    | Note
--------------------------------------------------------------
     0 | D:1      | Chiseanne, the Human Enchanter, began the quest for the Orb.
     0 | D:1      | Reached XP level 1. HP: 13/13 MP: 3/3
    46 | D:1      | Reached XP level 2. HP: 16/19 MP: 4/4
   353 | D:1      | Learned a level 2 spell: Sure Blade
   356 | D:1      | Learned a level 2 spell: Ensorcelled Hibernation
   454 | D:1      | Reached XP level 3. HP: 20/24 MP: 6/6
  1263 | D:2      | Reached XP level 4. HP: 27/30 MP: 1/8
  1328 | D:2      | Learned a level 3 spell: Dazzling Spray
  1488 | D:2      | Found a shimmering altar of Xom.
  1488 | D:2      | Found a shimmering altar of Xom.
  1488 | D:2      | Found a shimmering altar of Xom.
  1489 | D:2      | Found a shimmering altar of Xom.
  1769 | D:2      | Reached skill level 4 in Stealth
  1991 | D:3      | Reached XP level 5. HP: 35/35 MP: 9/9
  2949 | D:3      | Noticed a giant frog
  2956 | D:3      | Reached XP level 6. HP: 32/41 MP: 5/11
  3011 | D:3      | Killed a giant frog
  3127 | D:3      | Found a shattered altar of Ashenzari.
  3149 | D:3      | Became a worshipper of Ashenzari the Shackled
  3650 | D:4      | Noticed Chiseanne's ghost (average FeVM)
  3671 | D:4      | Killed Chiseanne's ghost
  3671 | D:4      | Reached skill level 5 in Stealth
  3671 | D:4      | Reached XP level 7. HP: 31/46 MP: 15/15
  3895 | D:4      | Reached skill level 5 in Hexes
  3909 | D:4      | Learned a level 4 spell: Enslavement
  4284 | D:5      | Entered Level 5 of the Dungeon
  4305 | D:5      | Noticed Chiseanne's ghost (average OgMo)
  4360 | D:5      | Found a staircase to the Ecumenical Temple.
  4806 | D:5      | Reached XP level 8. HP: 52/52 MP: 10/18
  5333 | D:6      | Reached skill level 6 in Stealth
  5828 | D:6      | Found Khucs' Food Boutique.
  5958 | D:6      | Mangled by a wight

Action                   |  1- 3 |  4- 6 |  7- 9 || total
-------------------------+-------+-------+-------++-------
Melee: Dagger            |   102 |   148 |   116 ||   366
Throw: Stone             |       |     1 |       ||     1
       Tomahawk          |       |       |    14 ||    14
 Cast: Corona            |    22 |     9 |    34 ||    65
       Ensorcelled Hiber |    14 |    30 |    19 ||    63
       Dazzling Spray    |       |       |    24 ||    24
  Use: Scroll            |     2 |     9 |     7 ||    18
       Potion            |     1 |     2 |     2 ||     5
 Stab: Sleeping          |    14 |    26 |    15 ||    55
       Distracted        |       |     1 |       ||     1
  Eat: Chunk             |     1 |    20 |    12 ||    33
